AoeStats
← NInJA

Arena

508291837Analyzed
1v1 RM · 12d ago on Sep 21, 2026· 55m 2s· 2 players
Game mode
Random Map
Map size
Tiny (2 player)
Population
200
Speed
Normal
Resources
Standard
Victory
Conquest
Starting age
Dark Age
Ending age
Imperial Age
RankedLock teamsTeams togetherTeam positionsShared explorationLock speedFull tech treeHidden civsTurbo modeCheats
Victory
Defeat
🇩🇪 Spanish · Germany
1118
+15
🇷🇺 Celts · Russia
1091
-15
PEASY 𒉭
11:00 Feudal Age
16:11 Castle Age
14:35 Double-Bit Axe
20:27 Horse Collar
23:54 Gold Mining
24:44 Bow Saw
26:35 Wheelbarrow
26:21 Heavy Plow
27:13 Pikeman
31:29 Imperial Age
29:55 Hand Cart
32:23 Halberdier
32:29 Onager
34:54 Stone Mining
34:47 Halberdier
35:17 Capped Ram
38:12 Scale Mail Armor
38:22 Forging
39:13 Onager
40:17 Chain Mail Armor
44:00 Plate Mail Armor
44:06 Iron Casting
45:30 Gold Shaft Mining
45:33 Stone Shaft Mining
45:56 Siege Ram
48:35 Blast Furnace
47:31 Man-at-Arms
50:29 Conscription
50:08 Long Swordsman
50:34 Gambesons
51:23 Two-Handed Swordsman
NInJA
5:16 Loom
10:48 Feudal Age
14:30 Castle Age
13:09 Double-Bit Axe
19:35 Horse Collar
27:00 Imperial Age
29:40 Fletching
32:05 Scale Barding Armor
34:30 Chain Barding Armor
34:57 Redemption
36:20 Conscription
36:28 Pikeman
37:09 Squires
37:02 Man-at-Arms
37:54 Scale Mail Armor
38:24 Long Swordsman
38:50 Gambesons
43:43 Chain Mail Armor
43:38 Forging
43:34 Two-Handed Swordsman
44:15 Squires
46:48 Plate Mail Armor
46:28 Heavy Plow
46:53 Champion
48:23 Iron Casting
50:56 Arson
Connection lost

Rejoining the realm…

Still unreachable

The connection could not be restored.

Session expired

The server has moved on; the page needs a fresh start.